 Dungeon Crawl Stone Soup version 0.32-a0-986-ga09f62fbf4 (webtiles) character file.

Game seed: 1661671740636958023

58 Aldia the Firebug (level 3, 0/28 HPs)
             Began as a Mountain Dwarf Fire Elementalist on Apr 21, 2024.
             Slain by a centaur
             ... wielding a +0 trident
              (6 damage)
             ... on level 3 of the Dungeon.
             The game lasted 00:04:29 (2779 turns).

Aldia the Firebug (MDFE)                            Turns: 2779, Time: 00:04:30

Health: 0/28       AC:  5    Str: 12    XL:     3   Next: 76%
Magic:  2/6        EV:  9    Int: 15    God:
Gold:   127        SH:  0    Dex: 10    Spells: 3/6 levels left

rFire   . . .        n - +0 hand axe
rCold   . . .        (no shield)
rNeg    . . .        c - +0 ring mail
rPois   .            (no helmet)
rElec   .            (no cloak)
rCorr   .            (no gloves)
SInv    .            (no boots)
Will    .....        (no amulet)
Stlth   +            (no ring)
HPRegen 0.24/turn    (no ring)
MPRegen 0.10/turn

%: no passive effects
@: no status effects
A: runic magic, artefact enchanting
a: no special abilities


You were on level 3 of the Dungeon.
You visited 1 branch of the dungeon, and saw 3 of its levels.

You collected 169 gold pieces.
You spent 42 gold pieces at shops.

Inventory:

Hand Weapons
 g - a +0 club
 h - a +0 short sword
 i - a +0 spear
 j - a +0 trident
 n - a +0 hand axe (weapon)
Armour
 a - a +0 robe
 c - a +0 ring mail (worn)
Wands
 q - a wand of polymorph (7)
Scrolls
 d - 2 scrolls of vulnerability
 e - a scroll of identify
 k - a scroll of teleportation
 l - a scroll of enchant weapon
 m - a scroll of noise
 o - 2 scrolls of poison
 p - a scroll of enchant armour
Potions
 b - 2 potions of magic
 f - a potion of might
 r - a potion of lignification {unknown}


   Skills:
 + Level 1.2 Fighting
 + Level 0.1 Axes
 + Level 1.3 Armour
 - Level 1.3 Dodging
 - Level 1.4 Stealth
 - Level 2.0 Spellcasting
 - Level 1.0 Conjurations
 * Level 4.9 Fire Magic


You had 3 spell levels left.
You knew the following spells:

 Your Spells              Type           Power      Damage    Failure   Level
a - Foxfire               Conj/Fire      40%        2x1d6     8%          1
b - Scorch                Fire           32%        2d6       5%          2

Your spell library contained the following spells:

 Spells                   Type           Power      Damage    Failure   Level
 Inner Flame              Hex/Fire       8%         N/A       28%         3
 Volatile Blastmotes      Fire/Tloc      16%        2d11      28%         3
 Fugue of the Fallen      Necr           1%         N/A       61%         3
 Ozocubu's Armour         Ice            1%         N/A       61%         3
 Flame Wave               Conj/Fire      10%        2d6       61%         4
 Manifold Assault         Tloc           0%         N/A       100%        7


Dungeon Overview and Level Annotations

Branches:
Dungeon (3/15)

Altars:
Zin

Shops:
D:2 ?

Annotations:
D:3 3 runed translucent doors, Pokonic1's ghost, amateur DsAl; Rudyous's ghost, amateur HuCj


Innate Abilities, Weirdness & Mutations

Your spellcasting is much less encumbered by armour.
You can use scrolls of enchantment on lesser artefacts.


Message History

A rat is nearby!
Flames lash the rat.
You kill the rat!
You can't see any susceptible monsters within range! (Use Z to cast anyway.)
You can't see any susceptible monsters within range! (Use Z to cast anyway.)
You see here a rat corpse.
You now have 127 gold pieces (gained 10).
o - 2 scrolls of poison (gained 1)
You see here a hobgoblin skeleton.
The centaur shouts!
The centaur shoots an arrow.
The arrow hits you.
The centaur shoots an arrow.
The arrow closely misses you.
A centaur is nearby!
A centaur is nearby!
The centaur shoots an arrow.
The arrow barely misses you.
The centaur shoots an arrow.
The arrow hits you.
Pokonic1's ghost turns its malevolent gaze towards you.
The centaur unwields a +0 orcbow.
The centaur wields a +0 trident.
The centaur hits you but does no damage.
The centaur misses you.
Flames lash the centaur.
The centaur is lightly wounded.
The centaur's fire resistance burns away.
The centaur barely misses you.
The centaur kicks you but does no damage.
Pokonic1's ghost wails, "You will never get the ORB!"
Flames lash the centaur.
The centaur is burned terribly!
The centaur is heavily wounded.
The centaur closely misses you. The centaur kicks you.
The centaur hits you with a +0 trident.
The centaur kicks you but does no damage.
You are too injured to fight recklessly!
You are too injured to fight recklessly!
You hit the centaur but do no damage.
The centaur is heavily wounded.
The centaur hits you with a +0 trident!
* * * LOW HITPOINT WARNING * * *
The centaur kicks you but does no damage.
The centaur hits you with a +0 trident.
You die...

....c.#....ß .....#.....
....+..... .÷.+.....
########..+.....
#.........#W.... #####
#.........#....ß##...#
####
#......c.##P⌠P$##....###
...# #......@.#
####........ ##.#
#.......## #.........
##.#
#.......#######.#.######
##.# #.................#
# ##.#
###############...# #
##.# #...# # ##.# #...#
# ##.#################
#...######
##.................#
#........#


You could see a centaur (combustible) and Rudyous's ghost.

Vanquished Creatures
  An adder (D:3)
  A dart slug (D:2)
  A ribbon worm (D:2)
  6 ball pythons
  4 endoplasms
  2 giant cockroaches
  2 goblins (D:1)
  7 hobgoblins
  3 jackals (D:2)
  3 quokkas
  A bat (D:2)
  A frilled lizard (D:2)
  3 kobolds
  6 rats
41 creatures vanquished.

Vanquished Creatures (others)
  22 foxfires (D:1)
22 creatures vanquished.

Grand Total: 63 creatures vanquished

Notes
Turn   | Place    | Note
-------+----------+-------------------------------------------
     0 | D:1      | Aldia the Mountain Dwarf Fire Elementalist began the quest
                  | for the Orb.
     0 | D:1      | Reached XP level 1. HP: 14/14 MP: 3/3
   125 | D:1      | Reached skill level 1 in Conjurations
   204 | D:1      | Reached skill level 4 in Fire Magic
   257 | D:1      | Reached XP level 2. HP: 16/20 MP: 1/5
   260 | D:1      | Learned a level 2 spell: Scorch
  1004 | D:2      | Found Qosaleto's Magic Scroll Emporium.
  1016 | D:2      | Bought a scroll of identify for 28 gold pieces
  1275 | D:2      | Reached XP level 3. HP: 24/27 MP: 1/6
  1581 | D:2      | Reached skill level 1 in Fighting
  1593 | D:2      | Reached skill level 1 in Armour
  1731 | D:2      | Bought a scroll of noise for 14 gold pieces
  2371 | D:3      | Found a runed translucent gate.
  2372 | D:3      | Found a runed translucent gate.
  2373 | D:3      | Found a runed translucent gate.
  2374 | D:3      | Noticed Pokonic1's ghost (amateur DsAl)
  2374 | D:3      | Noticed Rudyous's ghost (amateur HuCj)
  2378 | D:3      | Noticed a centaur
  2380 | D:3      | Noticed a scorpion
  2456 | D:3      | Found a glowing silver altar of Zin.
  2779 | D:3      | Slain by a centaur

Illustrated notes

Levels and vault maps discovered:
D:1:      dpeg_arrival_boxorama, layout_basic, chequers_serial_rivers_small_b,
          item_on_display_a
D:2:      layout_basic, serial_shops, shop
D:3:      layout_basic, mainiacjoe_overflow_boulevard, gammafunk_ghost_cemetery

Skill      XL: |  1  2  3 |
---------------+----------+-----
Conjurations   | 1 |  1.0
Fire Magic     | 4 |  4.9
Spellcasting   | 2 |  2.0
Fighting       | 1 |  1.2
Armour         | 1 |  1.3
Axes           | |  0.1
Dodging        | |  1.3
Stealth        | |  1.4

Action                     || total
---------------------------++-------
  Melee: Short sword       ||     9
         Club              ||     1
         Spear             ||    30
         Hand axe          ||     6
   Cast: Foxfire           ||    13
         Scorch            ||    36
    Use: Scroll            ||     7
 Armour: Ring mail         ||    57
  Dodge: Dodged            ||    32

Table legend: (Time is in decaauts)
 A = Elapsed time spent in this place.
 B = Non-inter-level travel time spent in this place.
 C = Inter-level travel time spent in this place.
 D = Time resting spent in this place.
 E = Time spent auto-exploring this place.
 F = Levels seen in this place.
 G = Mean time per level.
                   A        B        C        D        E       F      G
               +--------+--------+--------+--------+--------+-----+--------+
         Total |   2781 |   2691 |     90 |      0 |   2378 |   3 |  927.0 |
       Dungeon |   2781 |   2691 |     90 |      0 |   2378 |   3 |  927.0 |
               +--------+--------+--------+--------+--------+-----+--------+

Top non-repeatable levels by time:
     D:2: 941 daAuts
     D:1: 927 daAuts
     D:3: 912 daAuts
